 Dungeon Crawl Stone Soup version 0.28-a0-258-g8de209e91f (webtiles) character file.

Game seed: 9711857501597007087

198 robertstho the Magician (level 6, 0/42 HPs)
             Began as a Djinni Fire Elementalist on Aug 26, 2021.
             Slain by a wight (10 damage)
             ... on level 3 of the Dungeon.
             The game lasted 00:03:22 (3470 turns).

robertstho the Magician (Djinni Fire Elementalist)  Turns: 3470, Time: 00:03:22

Health: 0/42       AC:  7    Str:  7    XL:     6   Next: 6%
Gold:   50         EV: 12    Int: 19    God:
                   SH:  0    Dex: 13

rFire   + + .      SeeInvis .   b - +0 dagger (vamp)
rCold   x . .      Faith    .   (no shield)
rNeg    . . .      Spirit   .   a - +0 robe
rPois   ∞          Reflect  .   k - +0 helmet
rElec   .          Harm     .   (no cloak)
rCorr   .          Rampage  .   (no gloves)
Will    .....                   (boots unavailable)
Stlth   ++........              (no amulet)
HPRegen 0.14/turn               j - +4 ring of protection
MPRegen 0.00/turn               (no ring)

@: flying, very slightly contaminated
A: sickness immunity, fire resistance 2, cold vulnerability 1, float, innate
caster, hp casting, extra vitality 1
a: no special abilities


You were on level 3 of the Dungeon.
You visited 1 branch of the dungeon, and saw 3 of its levels.

You collected 50 gold pieces.

Inventory:

Hand Weapons
 b - a +0 vampiric dagger (weapon)
Armour
 a - a +0 robe (worn)
 k - a +0 helmet (worn)
Jewellery
 j - a +4 ring of protection (left hand)
Scrolls
 c - a scroll of blinking {unknown}
 d - 4 scrolls of identify {unknown}
 l - a scroll of enchant weapon {unknown}
Potions
 e - a potion of heal wounds {unknown}
 f - a potion of cancellation {unknown}
 g - a potion of degeneration {unknown}
 h - a potion of brilliance {unknown}
 i - a potion of curing {unknown}


   Skills:
 * Level 1.3 Fighting
 + Level 2.4 Dodging
 + Level 2.2 Stealth
 * Level 4.3 Spellcasting


You couldn't memorise any spells.
You knew the following spells:

 Your Spells              Type           Power      Damage    Failure   Level
a - Foxfire               Conj/Fire      80%        2x1d8     2%          1
b - Conjure Flame         Conj/Fire      20%        6-21      7%          3
c - Inner Flame           Hex/Fire       20%        N/A       7%          3
d - Sticky Flame          Conj/Fire      20%        2d4       22%         4
e - Fireball              Conj/Fire      10%        3d6       52%         5
f - Beastly Appendage     Tmut           40%        N/A       2%          1
g - Static Discharge      Conj/Air       20%        N/A       3%          2
Your spell library was empty.

Dungeon Overview and Level Annotations

Branches:
Dungeon (3/15)

Altars:
Cheibriados

Shops:
D:2 :


Innate Abilities, Weirdness & Mutations

You are immune to sickness and miasma.
You are immune to poison.
Your flesh is very heat resistant. (rF++)
You are vulnerable to cold. (rC-)
You float through the air rather than walking.
You learn spells naturally, not from books.
Your magical power is your life essence.
You have superior vitality. (+4 HP)


Message History

The wight is severely damaged.
The foxfire hits the wight.
The wight is almost destroyed.
The wight hits you with a +5 flail.
Casting: Foxfire (safe; 2% risk of failure)
Press: ? - help, Q - select action, (/) - cycle Dir - look around, f - activate You miscast Foxfire.
You are very lightly contaminated with residual magic.
Nothing appears to happen.
The foxfire hits the wight but does no damage.
The wight is almost destroyed.
The foxfire hits the wight.
You destroy the wight!
You have reached level 6!
Your experience leads to an increase in your attributes!
Increase (S)trength, (I)ntelligence, or (D)exterity?
You feel clever.
Casting: Foxfire (safe; 2% risk of failure)
Press: ? - help, Q - select action, (/) - cycle Dir - look around, f - activate You conjure some foxfire!
The wight hits you but does no damage.
Unknown command.
Casting: Foxfire (safe; 2% risk of failure)
Confirm with . or Enter, or press ? or * to list all spells.
Really attack your foxfire?
Okay, then.
The foxfire hits the wight but does no damage.
The foxfire hits the wight.
The wight is moderately damaged.
The wight barely misses you.
Casting: Static Discharge (safe; 3% risk of failure)
Confirm with . or Enter, or press ? or * to list all spells.
The wight is struck by an arc of lightning!
The wight is almost destroyed.
You are struck by an arc of lightning.
* * * LOW HITPOINT WARNING * * *
The lightning grounds out.
* * * LOW HITPOINT WARNING * * *
The wight hits you with a +0 short sword!
You die...

## .. #. #.. #..#####
#......# #.#.#.#
..##.z@..########.#.
....))..§)...<...)...
..........########...
.######.#.# #...#
#.### #.# #.# #.


You could see a wight.

Vanquished Creatures
  3 wights (D:3)
  An iguana (D:3)
  A gnoll (D:3)
  7 ball pythons
  5 endoplasms
  2 giant cockroaches (D:1)
  2 goblins
  4 hobgoblins (D:1)
  8 kobolds
  A quokka (D:2)
  2 bats (D:1)
  2 frilled lizards (D:1)
  2 rats (D:1)
40 creatures vanquished.

Vanquished Creatures (others)
  209 foxfires
209 creatures vanquished.

Grand Total: 249 creatures vanquished

Notes
Turn   | Place    | Note
-------+----------+-------------------------------------------
     0 | D:1      | robertstho the Djinni Fire Elementalist began the quest for
                  | the Orb.
     0 | D:1      | Reached XP level 1. HP: 15/15 MP: 0/0
   250 | D:1      | Reached XP level 2. HP: 14/21 MP: 0/0
   446 | D:1      | You are sucked into a shaft and drop 1 floor!
   887 | D:2      | Found Donayf's Book Shoppe.
   924 | D:2      | Found a snail-covered altar of Cheibriados.
  1029 | D:2      | Found a faded altar of an unknown god.
  1216 | D:2      | Reached skill level 3 in Spellcasting
  1725 | D:1      | Reached XP level 3. HP: 22/25 MP: 0/0
  1725 | D:1      | Learned a level 1 spell: Beastly Appendage
  3386 | D:3      | Reached XP level 4. HP: 25/31 MP: 0/0
  3456 | D:3      | Reached skill level 1 in Fighting
  3456 | D:3      | Reached skill level 4 in Spellcasting
  3456 | D:3      | Reached XP level 5. HP: 25/37 MP: 0/0
  3456 | D:3      | Learned a level 2 spell: Static Discharge
  3468 | D:3      | Reached XP level 6. HP: 15/42 MP: 0/0
  3470 | D:3      | Slain by a wight

Illustrated notes

Levels and vault maps discovered:
D:1:      matt_arrival_spirals, layout_loops_ring, minmay_misc_feat_alley,
          wander_ebering_terrifying_dragon_lair
D:2:      layout_basic, basic_altar, serial_shops, nicolae_shop_trees,
          dilly_ecumenical_altar_fadedgnrine, chequers_serial_rivers_small_a,
          grunt_decor_arrowhead, hex_intersection, minmay_puff
D:3:      layout_loops_corners, uniq_terence

Skill      XL: |  1  2  3  4 |
---------------+-------------+-----
Spellcasting   | 3 4 |  4.3
Fighting       | 1 |  1.3
Stealth        | 2 |  2.2
Dodging        | |  2.4

Action                   |  1- 3 |  4- 6 || total
-------------------------+-------+-------++-------
 Cast: Foxfire           |   110 |    20 ||   130
       Static Discharge  |       |     1 ||     1
Armor: Robe              |     3 |     1 ||     4
Dodge: Dodged            |     9 |     1 ||    10

Table legend: (Time is in decaauts)
 A = Elapsed time spent in this place.
 B = Non-inter-level travel time spent in this place.
 C = Inter-level travel time spent in this place.
 D = Time resting spent in this place.
 E = Time spent auto-exploring this place.
 F = Levels seen in this place.
 G = Mean time per level.
                   A        B        C        D        E       F      G
               +--------+--------+--------+--------+--------+-----+--------+
         Total |   3469 |   3320 |    149 |      0 |   2966 |   3 | 1156.3 |
       Dungeon |   3469 |   3320 |    149 |      0 |   2966 |   3 | 1156.3 |
               +--------+--------+--------+--------+--------+-----+--------+

Top non-repeatable levels by time:
     D:1: 2132 daAuts
     D:2: 1240 daAuts
     D:3: 97 daAuts
